 Dungeon Crawl Stone Soup version 0.29-a0-11-ga75d3d97ab (webtiles) character file.

Game seed: 15926188052020900784

43876 robertstho the Eclecticist (level 13, -2/68 HPs)
             Began as a Spriggan Conjurer on Jan 28, 2022.
             Was an Elder of Sif Muna.
             Splashed by a goliath frog's acid (9 damage)
             ... on level 6 of the Lair of Beasts.
             The game lasted 01:16:18 (24404 turns).

robertstho the Eclecticist (Spriggan Conjurer)     Turns: 24404, Time: 01:16:18

Health: -2/68      AC:  3    Str:  3    XL:     13   Next: 93%
Magic:  11/34      EV: 18    Int: 30    God:    Sif Muna [****..]
Gold:   293        SH:  5    Dex: 17    Spells: 14/44 levels left

rFire   . . .      SeeInvis +   S - +4 quick blade of the Six Deaths {flame, Contam Will+ Dex+3}
rCold   . . .      Faith    .   (no shield)
rNeg    . . .      Spirit   .   K - +0 troll leather armour
rPois   .          Reflect  +   w - +0 hat {Will+}
rElec   .          Harm     .   v - +2 cloak
rCorr   .          Rampage  .   (gloves unavailable)
Will    ++++.                   (boots unavailable)
Stlth   ++++++....              z - amulet of reflection
HPRegen 1.01/turn               l - +4 ring of slaying
MPRegen 0.24/turn               j - +6 ring of intelligence

@: corroded, very slightly contaminated, studying Fire Magic, very quick
A: very small, no large weapons, unfitting armour, see invisible, speed 3
a: Renounce Religion, Channel Magic, Forget Spell, Divine Exegesis


You were on level 6 of the Lair of Beasts.
You worshipped Sif Muna.
Sif Muna was greatly pleased with you.
You visited 3 branches of the dungeon, and saw 18 of its levels.

You collected 806 gold pieces.
You spent 513 gold pieces at shops.

Inventory:

Hand Weapons
 I - a +6 trident of venom
 L - a +1 double sword of holy wrath
 S - the +4 quick blade of the Six Deaths (weapon) {flame, Contam Will+ Dex+3}
   (You acquired it on level 4 of the Lair of Beasts)

   It burns those it strikes, dealing additional fire damage.
   Dex:       It affects your dexterity (+3).
   Contam:    It causes magical contamination when unequipped.
   Will:      It increases your willpower.
Missiles
 N - 3 throwing nets
Armour
 v - a +2 cloak (worn)
 w - a +0 hat of willpower (worn)
 K - a +0 troll leather armour (worn)
Jewellery
 f - a ring of fire
 j - a +6 ring of intelligence (right hand)
 l - a +4 ring of slaying (left hand)
 m - an amulet of regeneration
 x - a ring of fire
 y - a ring of protection from cold
 z - an amulet of reflection (around neck)
 B - a ring of positive energy
 T - a ring of flight
Wands
 g - a wand of mindburst (21)
 q - a wand of digging (2)
 r - a wand of acid (4)
 t - a wand of iceblast (8)
 u - a wand of flame (36)
 O - a wand of polymorph (6)
Scrolls
 c - 2 scrolls of fear
 d - a scroll of immolation
 e - 9 scrolls of teleportation
 h - a scroll of enchant armour
 n - 3 scrolls of enchant weapon {unknown}
 o - 2 scrolls of fog
 A - 2 scrolls of magic mapping
 E - a scroll of blinking
 U - a scroll of holy word
Potions
 a - a potion of might
 i - 6 potions of brilliance
 s - 2 potions of mutation {unknown}
 C - a potion of invisibility {unknown}
 D - 4 potions of haste {unknown}
 F - a potion of curing
 G - 2 potions of flight {unknown}
 H - 2 potions of degeneration {unknown}
 J - a potion of resistance {unknown}
 M - 2 potions of lignification {unknown}
 P - a potion of magic
 Q - 7 potions of ambrosia
 V - a potion of heal wounds


   Skills:
 * Level 7.9 Fighting
 + Level 3.6 Short Blades
 + Level 2.2 Armour
 + Level 5.9 Dodging
 * Level 15.1 Stealth
 + Level 1.0 Shields
 * Level 16.4 Spellcasting
 + Level 6.9 Conjurations
 + Level 3.4 Hexes
 + Level 2.5 Translocations
 + Level 3.9 Transmutations
 + Level 2.9 Fire Magic
 + Level 3.4 Air Magic
 + Level 0.3 Earth Magic
 + Level 5.1 Poison Magic
 * Level 6.6 Invocations
 + Level 2.2 Evocations


You had 14 spell levels left.
You knew the following spells:

 Your Spells              Type           Power      Damage    Failure   Level
a - Magic Dart            Conj           100%       1d8       1%          1
b - Searing Ray           Conj           100%       2d8       1%          2
c - Dazzling Flash        Conj/Hex       100%       N/A       1%          3
d - Fulminant Prism       Conj/Hex       27%        3d14      4%          4
e - Iskenderun's Mystic   Conj/Tloc      52%        2d11      4%          4
f - Mephitic Cloud        Conj/Pois/Air  54%        N/A       1%          3
g - Conjure Flame         Conj/Fire      53%        6-21      1%          3
h - Ignite Poison         Fire/Tmut/Pois 48%        N/A       1%          3
i - Sticky Flame          Conj/Fire      53%        2d7       4%          4
j - Stone Arrow           Conj/Erth      92%        3d12      2%          3

Your spell library contained the following spells:

 Spells                   Type           Power      Damage    Failure   Level
 Static Discharge         Conj/Air       54%        N/A       1%          2
 Corpse Rot               Necr/Air       68%        N/A       2%          2
 Passwall                 Tmut/Erth      30%        N/A       2%          2
 Tukima's Dance           Hex            45%        N/A       2%          3
 Sandblast                Erth           52%        2d12      3%          1
 Call Imp                 Summ           24%        N/A       5%          2
 Sublimation of Blood     Necr           24%        N/A       5%          2
 Passage of Golubria      Tloc           40%        N/A       12%         4
 Yara's Violent Unravell  Hex/Tmut       23%        3d10      22%         5
 Animate Dead             Necr           12%        N/A       34%         4
 Dispel Undead            Necr           24%        3d12      34%         4
 Summon Forest            Summ/Tloc      16%        N/A       50%         5
 Lee's Rapid Deconstruct  Erth           13%        3d10*     63%         5
 Eringya's Noxious Bog    Tmut/Pois      25%        N/A       63%         6
 Borgnjor's Vile Clutch   Necr/Erth      12%        N/A       65%         5
 Statue Form              Tmut/Erth      24%        N/A       91%         6
 Death Channel            Necr           12%        N/A       99%         6
 Haunt                    Necr/Summ      12%        N/A       100%        7
 Malign Gateway           Summ/Tloc      16%        N/A       100%        7
 Summon Hydra             Summ           12%        N/A       100%        7
 Infestation              Necr           12%        N/A       100%        8
 Necromutation            Tmut/Necr      18%        N/A       100%        8
 Summon Horrible Things   Summ           12%        N/A       100%        8


Dungeon Overview and Level Annotations

Branches:
Dungeon (11/15)            Temple (1/1) D:6            Lair (6/6) D:11
 Shoals (0/4) Lair:2       Spider (0/4) Lair:2        Slime (0/5) Lair:5
    Orc (0/2) D:11

Altars:
Ashenzari
Cheibriados
Dithmenos
Elyvilon
Fedhas
Gozag
Hepliaklqana
Kikubaaqudgha
Makhleb
Nemelex Xobeh
Okawaru
Qazlal
Ru
Sif Muna
Trog
Uskayaw
Vehumet
Wu Jian
Xom
Yredelemnul
Zin
The Shining One

Shops:
D:1 ?   D:7 =[*=*   D:10 *   D:11 ([

Annotations:
D:7 Jewelry shop
Lair:1 1 runed translucent door, Xozoco's ghost, journeyman MfGl
Lair:2 exclusion: oklob plant


Innate Abilities, Weirdness & Mutations

You are very small and have problems with some larger weapons.
You are too small for most types of armour.
You have supernaturally acute eyesight. (SInv)
You cover ground extremely quickly. (Speed+++)


Message History

Unknown command.
Casting: Stone Arrow (dangerous; 2% risk of failure)
Confirm with . or Enter, or press ? or * to list all spells.
Aiming: Stone Arrow (dangerous; 2% risk of failure)
Press: ? - help, Shift-Dir - straight line, f - goliath frog, p - blink frog
Aim: a goliath frog (moderately wounded, 57% to hit)
You miscast Stone Arrow.
You are very lightly contaminated with residual magic.
Nothing appears to happen.
The blink frog blinks!
The goliath frog barely misses you.
Casting: Stone Arrow (dangerous; 2% risk of failure)
Confirm with . or Enter, or press ? or * to list all spells.
Aiming: Mephitic Cloud (safe; 1% risk of failure)
Press: ? - help, Shift-Dir - straight line, f/p - goliath frog
Aim: a goliath frog (moderately wounded, chance to affect: 43%)
The ball explodes into a vile cloud!
The stinking cloud engulfs the goliath frog but does no damage.
The goliath frog is moderately wounded.
You hear a loud, deep croak!
You hear an angry hiss.
You hear an angry growl.
A cane toad comes into view.
The goliath frog is engulfed in noxious fumes.
The goliath frog hits you from afar!
You are splashed with acid!
Casting: Mephitic Cloud (safe; 1% risk of failure)
Confirm with . or Enter, or press ? or * to list all spells.
You ignite the poison in your surroundings!
The goliath frog is engulfed in blazing flames.
The goliath frog misses you.
The goliath frog is engulfed in blazing flames.
Unknown command.
Casting: Ignite Poison (safe; 1% risk of failure)
Confirm with . or Enter, or press ? or * to list all spells.
Aiming: Stone Arrow (dangerous; 2% risk of failure)
Press: ? - help, Shift-Dir - straight line, f/p - goliath frog
Aim: a goliath frog (flame, heavily wounded, 57% to hit)
The stone arrow misses the goliath frog.
The goliath frog is engulfed in blazing flames.
The goliath frog hits you from afar!
* * * LOW HITPOINT WARNING * * *
The acid corrodes you!
You are splashed with acid!
You die...

.....††Y.†....F
..........h.....
................
.....$..........
##.........y.≈≈≈. #
###☼÷☼.....≈..≈.P≈≈
.#P.#..○FF.≈
.......§.☼#
........@†#
.........†#
.........## #
.........# P#
..(.....F# ≈≈#≈#
.......<.#.≈≈≈≈≈
.........≈≈≈≈≈≈≈
...........≈≈≈≈≈
.........≈.≈≈≈≈≈


You could see 2 goliath frogs and a cane toad.

Vanquished Creatures
  Gastronok (Lair:1)
  Harold (D:11)
  4 hydras
  4 death yaks
  Urug (D:11)
  A goliath frog (Lair:6)
  An ugly thing (D:11)
  An oklob plant (Lair:4)
  A manticore (D:11)
  6 elephants (Lair:5)
  Joseph (D:8)
  2 black mambas (Lair:5)
  A torpor snail (Lair:4)
  12 cane toads
  2 rime drakes
  10 komodo dragons
  A queen bee (Lair:3)
  2 trolls
  2 polar bears
  A tyrant leech (Lair:6)
  Prince Ribbit (D:5)
  Grinder (D:5)
  32 blink frogs
  A culicivora (Lair:2)
  30 yaks
  4 fire bats (D:11)
  7 basilisks
  6 wyverns
  A steam dragon (D:8)
  4 vampire mosquitoes (Lair:6)
  Duvessa (D:4)
  18 water moccasins
  An ice beast (D:8)
  3 orc warriors
  2 black bears
  A necrophage (D:7)
  26 wolves
  6 centaurs
  2 phantoms
  2 kobold brigands
  3 gnoll sergeants
  9 bullfrogs
  2 scorpions (D:7)
  A wyvern zombie (D:7)
  A water moccasin skeleton (D:6)
  Dowan (D:4)
  22 killer bees (Lair:3)
  5 electric eels (D:7)
  2 howler monkeys
  18 wights
  9 centaur zombies
  A centaur skeleton (D:6)
  3 jellies (Lair:5)
  A gnoll shaman (D:5)
  5 orc priests
  Crazy Yiuf (D:3)
  2 hounds
  3 iguanas
  5 orc wizards
  Ijyb (D:3)
  2 killer bee zombies
  A mummy (D:7)
  21 gnolls
  7 adders
  3 shadow imps
  A white imp (D:7)
  An adder skeleton (D:4)
  A worm (D:2)
  12 orcs
  7 ball pythons
  8 endoplasms
  A giant cockroach (D:4)
  8 goblins
  2 hobgoblins
  4 quokkas
  2 bats (D:1)
  4 frilled lizards
  19 kobolds
  2 rats (D:2)
  A bush (Lair:5)
406 creatures vanquished.

Vanquished Creatures (others)
  A killer bee (Lair:3)
  38 fulminant prisms
  29 fungi
  89 plants
157 creatures vanquished.

Grand Total: 563 creatures vanquished

Notes
Turn   | Place    | Note
-------+----------+-------------------------------------------
     0 | D:1      | robertstho the Spriggan Conjurer began the quest for the
                  | Orb.
     0 | D:1      | Reached XP level 1. HP: 9/9 MP: 5/5
   617 | D:1      | Reached skill level 3 in Spellcasting
   617 | D:1      | Found Usaf's Magic Scroll Boutique.
   674 | D:1      | Bought a scroll of noise for 12 gold pieces
   712 | D:1      | Reached XP level 2. HP: 13/13 MP: 4/7
   715 | D:1      | Learned a level 2 spell: Searing Ray
  1130 | D:1      | Found a faded altar of an unknown god.
  1666 | D:2      | Reached XP level 3. HP: 17/17 MP: 1/8
  1670 | D:2      | Learned a level 3 spell: Dazzling Flash
  2359 | D:2      | You fall into a shaft and drop 2 floors!
  2365 | D:4      | Reached XP level 4. HP: 21/21 MP: 6/10
  2539 | D:3      | Reached skill level 1 in Fighting
  2797 | D:3      | Found a runed translucent door.
  2798 | D:3      | Noticed Crazy Yiuf
  2888 | D:3      | Noticed Ijyb
  2897 | D:3      | Killed Ijyb
  2978 | D:3      | Learned a level 4 spell: Fulminant Prism
  3179 | D:3      | Reached skill level 4 in Spellcasting
  3179 | D:3      | Reached XP level 5. HP: 21/25 MP: 0/12
  3354 | D:3      | Killed Crazy Yiuf
  3466 | D:4      | Noticed Dowan
  3467 | D:4      | Noticed Duvessa
  3660 | D:4      | Killed Duvessa
  3661 | D:4      | Reached skill level 1 in Short Blades
  3661 | D:4      | Reached XP level 6. HP: 18/30 MP: 11/14
  3674 | D:4      | Killed Dowan
  3675 | D:4      | Reached skill level 5 in Spellcasting
  4195 | D:5      | Entered Level 5 of the Dungeon
  4195 | D:5      | Noticed Grinder
  4202 | D:5      | Noticed Prince Ribbit
  4232 | D:4      | Learned a level 4 spell: Iskenderun's Mystic Blast
  4339 | D:5      | Reached skill level 5 in Stealth
  4459 | D:5      | Reached XP level 7. HP: 20/35 MP: 4/16
  4821 | D:5      | Killed Prince Ribbit
  4822 | D:5      | Reached skill level 6 in Spellcasting
  4822 | D:5      | Reached skill level 1 in Evocations
  4930 | D:5      | Killed Grinder
  4931 | D:5      | Reached skill level 7 in Spellcasting
  5077 | D:5      | Found a glowing silver altar of Zin.
  5077 | D:5      | Found an ancient bone altar of Kikubaaqudgha.
  5153 | D:5      | Reached XP level 8. HP: 39/40 MP: 14/20
  5629 | D:1      | Bought a scroll of fear for 42 gold pieces
  5629 | D:1      | Bought a scroll of enchant armour for 90 gold pieces
  5629 | D:1      | Bought a scroll of identify for 24 gold pieces
  5629 | D:1      | Bought a scroll of identify for 24 gold pieces
  6061 | D:6      | Reached skill level 8 in Spellcasting
  6338 | D:6      | Found a staircase to the Ecumenical Temple.
  6371 | Temple   | Entered the Ecumenical Temple
  6970 | D:6      | Reached XP level 9. HP: 45/45 MP: 22/22
  7336 | D:6      | Learned a level 3 spell: Mephitic Cloud
  7460 | D:7      | Reached skill level 9 in Spellcasting
  7554 | D:7      | Found Coenan's Jewellery Emporium.
  7557 | D:7      | Found Qujo's Assorted Antiques.
  7566 | D:7      | Bought a scroll of identify for 46 gold pieces
  7701 | D:7      | Found Linwa's Jewellery Boutique.
  7857 | D:7      | Found Vaevimi's Assorted Antiques.
  7895 | D:7      | Reached skill level 5 in Conjurations
  8011 | D:7      | Found Tefi's Antique Armour Emporium.
  8059 | D:7      | Reached skill level 10 in Stealth
  8974 | D:7      | Reached skill level 10 in Spellcasting
  9746 | D:8      | Noticed Joseph
  9793 | D:8      | Killed Joseph
  9794 | D:8      | Reached skill level 1 in Hexes
  9904 | D:8      | Reached XP level 10. HP: 51/51 MP: 15/25
 10760 | D:8      | Learned a level 3 spell: Conjure Flame
 10764 | D:8      | Learned a level 3 spell: Ignite Poison
 10769 | D:8      | Learned a level 4 spell: Sticky Flame
 11009 | D:9      | Reached skill level 11 in Spellcasting
 11904 | D:9      | Reached skill level 5 in Fighting
 12318 | D:10     | Entered Level 10 of the Dungeon
 12318 | D:10     | Found Teitzear's Assorted Antiques.
 12325 | D:10     | Reached skill level 12 in Spellcasting
 12442 | D:10     | Bought an emerald potion for 25 gold pieces
 12442 | D:10     | Bought a scroll of identify for 56 gold pieces
 12506 | D:10     | Reached skill level 5 in Dodging
 12508 | D:10     | Reached skill level 1 in Poison Magic
 12707 | D:10     | Found a shimmering altar of Xom.
 12709 | D:10     | Found a shimmering blue altar of Sif Muna.
 12709 | D:10     | Found a blossoming altar of Fedhas.
 12714 | D:10     | Became a worshipper of Sif Muna the Loreminder
 13227 | D:10     | Found a shadowy altar of Dithmenos.
 13382 | D:11     | Noticed Harold
 13525 | D:11     | Noticed Urug
 13528 | D:11     | Killed Urug
 13529 | D:11     | Reached skill level 1 in Transmutations
 13529 | D:11     | Reached skill level 1 in Invocations
 13529 | D:11     | Reached XP level 11. HP: 42/56 MP: 23/28
 13653 | D:11     | Noticed a purple ugly thing
 13668 | D:11     | Killed a purple ugly thing
 13669 | D:11     | Reached skill level 1 in Fire Magic
 13669 | D:11     | Reached skill level 1 in Air Magic
 13877 | D:11     | Reached skill level 13 in Spellcasting
 14262 | D:11     | Found a staircase to the Lair.
 14329 | D:11     | Found Utasche's Antique Armour Shoppe.
 14490 | D:11     | Found Soras's Weapon Shop.
 14521 | D:11     | Killed Harold
 14522 | D:11     | Reached skill level 1 in Armour
 14541 | D:11     | Noticed a fire dragon
 14595 | D:11     | Found the +7 great mace "Firestarter" {inner flame, rF++}
 14616 | D:11     | Found a staircase to the Orcish Mines.
 15110 | Lair:1   | Entered Level 1 of the Lair of Beasts
 15196 | Lair:1   | Noticed Gastronok
 15217 | Lair:1   | Killed Gastronok
 15218 | Lair:1   | Reached skill level 1 in Translocations
 15339 | Lair:1   | Found a runed translucent door.
 15339 | Lair:1   | Noticed Xozoco's ghost (journeyman MfGl)
 15389 | Lair:1   | Reached * piety under Sif Muna
 15892 | Lair:1   | Reached skill level 14 in Spellcasting
 16341 | Lair:2   | Found a blossoming altar of Fedhas.
 16365 | Lair:2   | Noticed an oklob plant
 16398 | Lair:2   | Found a staircase to the Shoals.
 16580 | Lair:2   | Reached XP level 12. HP: 61/61 MP: 23/31
 16749 | Lair:2   | Found a hole to the Spider Nest.
 16875 | Lair:2   | Got the Grimoire of Darkness and the Rocks
 17834 | Lair:3   | Noticed a five-headed hydra
 17842 | Lair:3   | Killed a five-headed hydra
 18155 | Lair:3   | Reached ** piety under Sif Muna
 19232 | Lair:4   | Noticed a death yak
 19242 | Lair:4   | Killed a death yak
 19604 | Lair:4   | Reached skill level 5 in Invocations
 19641 | Lair:4   | Reached *** piety under Sif Muna
 19642 | Lair:4   | Reached skill level 15 in Spellcasting
 19796 | Lair:4   | Identified a scroll of acquirement
 20243 | Lair:4   | Acquired the +4 quick blade of the Six Deaths {flame,
                  | Contam Will+ Dex+3}
 20641 | Lair:5   | Reached XP level 13. HP: 67/67 MP: 4/33
 21075 | Lair:5   | Learned a level 3 spell: Stone Arrow
 21077 | Lair:5   | Found a staircase to the Slime Pits.
 22505 | D:7      | Bought a scroll of identify for 46 gold pieces
 22505 | D:7      | Bought an emerald potion for 20 gold pieces
 22535 | D:7      | Bought a scroll of identify for 50 gold pieces
 22724 | D:1      | Bought a scroll of teleportation for 36 gold pieces
 22724 | D:1      | Bought a scroll of amnesia for 42 gold pieces
 23144 | Lair:6   | Entered Level 6 of the Lair of Beasts
 23326 | Lair:6   | Reached skill level 16 in Spellcasting
 23328 | Lair:6   | Reached **** piety under Sif Muna
 23655 | Lair:6   | Reached skill level 5 in Poison Magic
 24089 | Lair:6   | Reached skill level 15 in Stealth
 24284 | Lair:6   | Reached skill level 1 in Shields
 24404 | Lair:6   | Splashed by a goliath frog's acid

Illustrated notes

Levels and vault maps discovered:
D:1:      kennysheep_arrival_seaside, layout_loops_ring, serial_shops, shop,
          shapermc_ecumenical_altar_acropolis
D:2:      wad_pebble_path, layout_loops_ring, ebering_dispersal_statue_hall
D:3:      layout_loops_ring, uniq_crazy_yiuf_cottage, uniq_ijyb
D:4:      layout_basic, uniq_duvessa
D:5:      kennysheep_big_flooded_room, layout_basic,
          nicolae_overflow_hidden_temple, nicolae_grassy_gnolls,
          uniq_prince_ribbit1, uniq_grinder
D:6:      layout_layer_cave, temple_fountains
D:7:      layout_basic, serial_undead, serial_undead_e, serial_undead_a,
          serial_undead_d, serial_undead_c, serial_shops, shop_statue,
          nicolae_shop_statue_plus, shop, shop, nicolae_shop_stone,
          kennysheep_boxes
D:8:      layout_loops_ring, minmay_crystal_room, uniq_joseph
D:9:      layout_roguey
D:10:     layout_loops_ring, lemuel_coloured_pillars_altar,
          grunt_temple_overflow_open, serial_shops, shop
D:11:     minmay_firetagon, layout_small_grid, minmay_lair_entry_grove,
          orc_0_dummy, serial_shops, nicolae_shop_stone,
          nicolae_shop_bloodbath_and_beyond, uniq_harold, uniq_urug
Temple:   eino_temple_rhombus
Lair:1:   layout_chaotic_city, hellmonk_ghost_happy_afterlife, uniq_gastronok
Lair:2:   hellmonk_destroyed_diamonds, layout_cave_pods,
          minmay_shoals_entry_centaurs, spider_nest_entry_rubble, tgw_fedhas
Lair:3:   layout_roguey [special_room_bee], grunt_megastairs_1
Lair:4:   layout_cave_shapes
Lair:5:   layout_roguey, nicolae_slime_entry_slimehenge
Lair:6:   minmay_lair_end_frog_pond, layout_regular_city, uniq_nessos

Skill      XL: |  1  2  3  4  5  6  7  8  9 10 11 12 13 |
---------------+----------------------------------------+-----
Conjurations   | 3 4 5 6 |  6.9
Spellcasting   | 3 4 5 7 8 10 12 14 15 16 | 16.4
Fighting       | 1 2 3 4 5 6 7 |  7.9
Dodging        | 3 4 5 |  5.9
Stealth        | 4 5 7 11 12 14 15 | 15.1
Short Blades   | 1 2 3 |  3.6
Evocations     | 1 2 |  2.2
Hexes          | 1 3 |  3.4
Poison Magic   | 2 3 4 5 |  5.1
Transmutations | 1 3 |  3.9
Invocations    | 1 3 5 6 |  6.6
Fire Magic     | 1 2 |  2.9
Air Magic      | 1 2 3 |  3.4
Armour         | 1 2 |  2.2
Translocations | 1 2 |  2.5
Shields        | 1 |  1.0
Earth Magic    | |  0.3

Action                   |  1- 3 |  4- 6 |  7- 9 | 10-12 | 13-15 || total
-------------------------+-------+-------+-------+-------+-------++-------
Melee: Dagger            |    20 |     2 |    60 |   188 |       ||   270
       Punch             |       |       |       |     3 |       ||     3
       Quick blade       |       |       |       |       |    23 ||    23
 Cast: Magic Dart        |    23 |     2 |     4 |     9 |     4 ||    42
       Searing Ray       |    30 |    26 |    47 |    62 |     2 ||   167
       Dazzling Flash    |       |     1 |       |       |       ||     1
       Fulminant Prism   |       |       |    16 |    22 |       ||    38
       Iskenderun's Myst |       |       |     1 |    35 |    47 ||    83
       Mephitic Cloud    |       |       |     3 |   122 |    37 ||   162
       Ignite Poison     |       |       |       |    68 |    26 ||    94
       Sticky Flame      |       |       |       |     3 |       ||     3
       Conjure Flame     |       |       |       |     3 |       ||     3
       Stone Arrow       |       |       |       |       |    37 ||    37
Invok: Channel Magic     |       |       |       |     1 |     2 ||     3
Evoke: Wand              |       |     8 |     2 |     1 |       ||    11
  Use: Scroll            |       |       |    10 |     5 |     2 ||    17
       Potion            |       |       |       |     5 |       ||     5
 Stab: Sleeping          |     1 |       |     6 |     5 |       ||    12
       Distracted        |       |       |     1 |     5 |       ||     6
       Confused          |       |       |       |     5 |       ||     5
Armor: Robe              |     5 |     2 |     7 |     4 |       ||    18
       Troll leather arm |       |       |       |    35 |    11 ||    46
Dodge: Dodged            |    31 |    29 |    67 |   170 |    63 ||   360
Block: Other             |       |       |     7 |    55 |    11 ||    73
       Reflection        |       |       |     1 |     3 |       ||     4

Table legend: (Time is in decaauts)
 A = Elapsed time spent in this place.
 B = Non-inter-level travel time spent in this place.
 C = Inter-level travel time spent in this place.
 D = Time resting spent in this place.
 E = Time spent auto-exploring this place.
 F = Levels seen in this place.
 G = Mean time per level.
                   A        B        C        D        E       F      G
               +--------+--------+--------+--------+--------+-----+--------+
         Total |  19445 |  18285 |   1160 |   5284 |  10499 |  18 | 1080.3 |
       Dungeon |  12168 |  11252 |    916 |   2646 |   7089 |  11 | 1106.2 |
        Temple |     98 |     91 |      7 |      0 |     84 |   1 |   98.0 |
          Lair |   7178 |   6942 |    236 |   2637 |   3326 |   6 | 1196.3 |
               +--------+--------+--------+--------+--------+-----+--------+

Top non-repeatable levels by time:
  Lair:5: 2215 daAuts
  Lair:3: 1769 daAuts
     D:7: 1724 daAuts
  Lair:4: 1332 daAuts
    D:10: 1254 daAuts
     D:1: 1253 daAuts
     D:9: 1219 daAuts
     D:6: 1113 daAuts
     D:8: 1107 daAuts
     D:5: 1005 daAuts
    D:11: 975 daAuts
  Lair:2: 909 daAuts
     D:2: 887 daAuts
  Lair:1: 863 daAuts
     D:3: 853 daAuts
